 Dungeon Crawl Stone Soup version 0.30-a0-1094-g860fb061e7 (webtiles) character file.

Game seed: 14561147785702504913

1 BlasphemerAmon the Sneak (level 1, -1/13 HPs)
             Began as a Vampire Enchanter on Apr 18, 2023.
             Slain by a kobold
             ... wielding a +0 whip
              (2 damage)
             ... on level 1 of the Dungeon.
             The game lasted 00:00:27 (31 turns).

BlasphemerAmon the Sneak (Vampire Enchanter)          Turns: 31, Time: 00:00:29

Health: -1/13      AC:  2    Str:  7    XL:     1   Next: 16%
Magic:  3/3        EV: 12    Int: 17    God:
Gold:   0          SH:  0    Dex: 14    Spells: 4/4 levels left

rFire   . . .      SeeInvis +    a - +1 dagger
rCold   . . .      Faith    .    (no shield)
rNeg    . . .      Spirit   .    b - +0 robe
rPois   .          Reflect  .    (no helmet)
rElec   .          Rampage  .    (no cloak)
rCorr   .                        (no gloves)
Will    .....                    (no boots)
Stlth   +++                      (no amulet)
HPRegen 0.42/turn                (no ring)
MPRegen 0.08/turn                (no ring)

@: healing quickly
A: alive, fangs 3, see invisible, vampiric 1
a: Exsanguinate


You were on level 1 of the Dungeon.
You visited 1 branch of the dungeon, and saw 1 of its levels.

Inventory:

Hand Weapons
 a - a +1 dagger (weapon)
Armour
 b - a +0 robe (worn)
Potions
 c - 2 potions of invisibility


   Skills:
 - Level 1.1 Short Blades
 - Level 2.1 Dodging
 * Level 4.5 Stealth
 - Level 2.0 Spellcasting
 * Level 4.4 Hexes


You had 4 spell levels left.
You didn't know any spells.
Your spell library contained the following spells:

 Spells                   Type           Power      Damage    Failure   Level
 Confusing Touch          Hex            16%        N/A       10%         3
 Tukima's Dance           Hex            16%        N/A       10%         3
 Ensorcelled Hibernation  Hex/Ice        18%        N/A       12%         2
 Dazzling Flash           Conj/Hex       18%        N/A       24%         3


Dungeon Overview and Level Annotations

Branches:
Dungeon (1/15)

Altars:


Innate Abilities, Weirdness & Mutations

Your natural rate of healing is accelerated.
You have razor-sharp teeth.
You have supernaturally acute eyesight. (SInv)
You are afflicted with vampirism.


Message History

Found a long glowing staff.
The bat closely misses you.
A giant cockroach comes into view.
The jackal barks! x2
The bat hits you but does no damage.
A jackal comes into view.
A giant cockroach comes into view.
The kobold shouts!
The bat attacks as you move away! The bat hits you but does no damage.
The jackal barks! x2
The bat hits you. The kobold hits you but does no damage.
You hit the bat. You bite the bat.
The bat is heavily wounded.
The bat hits you.
The giant cockroach bites you but does no damage.
The kobold hits you but does no damage. The jackal barely misses you.
The giant cockroach attacks as you move away!
The giant cockroach bites you. The bat barely misses you. The bat hits you.
The giant cockroach barely misses you. The jackal bites you.
The bat misses you.
The giant cockroach bites you but does no damage.
You barely miss the giant cockroach. The bat closely misses you.
The jackal barely misses you. The jackal misses you.
The giant cockroach misses you. The jackal barely misses you.
You barely miss the giant cockroach. Your bite misses the giant cockroach.
The bat barely misses you. The kobold hits you with a +0 whip.
The giant cockroach bites you but does no damage.
The jackal barely misses you.
You closely miss the giant cockroach. The bat closely misses you.
The giant cockroach closely misses you. x2; The kobold barely misses you.
The jackal bites you.
* * * LOW HITPOINT WARNING * * *
The jackal bites you.
* * * LOW HITPOINT WARNING * * *
The bat closely misses you.
You barely miss the giant cockroach. The bat hits you but does no damage.
The jackal bites you but does no damage.
The jackal bites you.
* * * LOW HITPOINT WARNING * * *
The jackal barely misses you.
The giant cockroach closely misses you. x2
The kobold hits you with a +0 whip.
You die...

.. ^.#######
........#
........####
.........b.###
#......Kh...#
##.....BB@B..#
..|....hhh...#
...###..###......
. ##.# ###...
#######)########.
...............
...............
....♣.....♣....
...............


You could see 4 jackals, 3 giant cockroaches, a bat and a kobold.

Vanquished Creatures
  A goblin (D:1)
1 creature vanquished.

Notes
Turn   | Place    | Note
-------+----------+-------------------------------------------
     0 | D:1      | BlasphemerAmon the Vampire Enchanter began the quest for
                  | the Orb.
     0 | D:1      | Reached XP level 1. HP: 13/13 MP: 3/3
    31 | D:1      | Slain by a kobold

Illustrated notes

Levels and vault maps discovered:
D:1:      wander_arrival_estate, layout_basic, grunt_decor_one_mirror

Action                     || total
---------------------------++-------
  Melee: Dagger            ||     8
         Bite              ||     1
 Armour: Robe              ||    11
  Dodge: Dodged            ||    22

Table legend: (Time is in decaauts)
 A = Elapsed time spent in this place.
 B = Non-inter-level travel time spent in this place.
 C = Inter-level travel time spent in this place.
 D = Time resting spent in this place.
 E = Time spent auto-exploring this place.
 F = Levels seen in this place.
 G = Mean time per level.
                   A        B        C        D        E       F      G
               +--------+--------+--------+--------+--------+-----+--------+
         Total |     30 |     30 |      0 |      0 |      0 |   1 |   30.0 |
       Dungeon |     30 |     30 |      0 |      0 |      0 |   1 |   30.0 |
               +--------+--------+--------+--------+--------+-----+--------+

Top non-repeatable levels by time:
     D:1: 30 daAuts
